Map: Lerilak Crest

Players

LilDicky

  • Race: Terran Terran
  • League: Diamond

Sickle - Winner!

  • Race: Zerg Zerg
  • League: Diamond

VOD

http://www.twitch.tv/tumescentpie

Description

Time

  • Played on: Dec. 12, 2015, 2:09 p.m.
  • Length: 16:36
Show
View Real Time Build Order
Export as new Build Order

LilDicky Terran 

Build Orders: Liberator Opening 

Get SALT Encoding   

  12  0:01  SCV  
  13  0:13  SCV  
  14  0:18  Supply Depot  
  14  0:25  SCV  
  15  0:36  Refinery  
  15  0:39  SCV  
  16  0:45  Barracks  
  16  0:51  SCV  
  17  1:04  SCV  
  18  1:16  SCV  
  21  1:35  Reaper  
  21  1:39  Orbital Command  
  20  1:46  Command Center  
  20  2:01  Factory  
  20  2:04  Refinery  
  20  2:07  Marine  
  20  2:08  SCV  
  22  2:17  Supply Depot  
  22  2:20  SCV  
  23  2:38  Marine  
  23  2:54  Armory  
  23  2:56  Marine  
  24  2:59  SCV, Starport  
  24  3:00  Orbital Command  
  24  3:04  Bunker  
  25  3:11  SCV  
  26  3:17  Marine  
  26  3:18  Factory Tech Lab  
  27  3:23  SCV  
  28  3:27  Liberator  
  28  3:29  SCV  
  29  3:39  SCV  
  29  3:40  Marine  
  31  3:42  Refinery  
  33  3:58  Marine  
  34  4:08  Thor  
  34  4:09  SCV  
  41  4:10  SCV  
  41  4:11  Supply Depot  
  41  4:16  Marine  
  43  4:22  SCV  
  43  4:33  Liberator  
  43  4:43  Marine  
  44  4:48  SCV  
  44  4:49  Supply Depot  
  44  4:51  Thor  
  54  5:08  Supply Depot  
  54  5:10  Marine  
  54  5:12  Supply Depot  
  49  5:28  Marine  
  43  5:35  Thor  
  50  5:38  SCV, Supply Depot  
  50  5:39  SCV  
  52  5:46  Marine  
  53  5:50  SCV  
  53  5:51  SCV  
  55  6:05  SCV x2, Marine  
  58  6:12  Command Center  
  58  6:16  Viking  
  58  6:17  SCV x2  
  62  6:23  Marine  
  62  6:25  Supply Depot  
  63  6:28  Liberator  
  63  6:29  SCV x2  
  58  7:06  Thor  
  55  7:22  SCV x2  
  57  7:25  Orbital Command  
  57  7:29  Factory  
  57  7:34  SCV  
  57  7:36  Orbital Command  
  49  7:40  Marine  
  43  7:46  SCV  
  42  7:57  Marine  
  42  7:58  SCV  
  44  8:21  Orbital Command  
  44  8:28  SCV x2  
  44  8:29  Orbital Command  
  44  8:32  Hellion  
  32  8:57  Orbital Command  
  32  8:58  Thor  
  32  9:01  Starport Tech Lab  
  38  9:11  Factory Reactor  
  38  9:13  SCV  
  38  9:14  SCV, Marine  
  41  9:20  Factory x2  
  41  9:25  SCV  
  41  9:26  SCV  
  43  9:33  Banshee  
  43  9:34  Cloaking Field  
  43  9:37  Marine  
  43  9:38  SCV  
  52  9:51  Thor  
  52  9:59  Orbital Command  
  18  10:08  Orbital Command  
  14  10:42  SCV  
  14  10:44  SCV  
  15  10:58  Banshee  
  15  11:02  SCV  
  19  11:06  SCV  
  19  11:09  SCV  
  21  11:12  Orbital Command  
  21  11:14  SCV  
  21  11:15  Hellion x3  
  28  11:23  SCV  
  28  11:25  Hellion x2  
  33  11:26  SCV  
  33  11:35  SCV  
  33  11:37  Hellion x3  
  34  11:46  Hellion x2  
  38  11:52  SCV x2  
  38  11:53  SCV  
  41  11:58  Hellion  
  43  12:04  SCV x2  
  43  12:05  SCV  
  43  12:07  Refinery  
  46  12:10  Refinery  
  46  12:16  SCV x2  
  46  12:18  SCV  
  49  12:28  SCV  
  29  12:53  Hellion x3  
  29  12:54  Hellion x2  
  31  13:15  Hellion x4  
  31  13:16  Thor  
  45  13:20  Banshee  
  48  13:29  SCV  
  48  13:30  SCV x2  
  49  13:38  Infernal Pre-Igniter  
  49  13:41  SCV  
  49  13:42  SCV  
  49  13:45  Hellion  
  53  13:49  Supply Depot  
  53  14:00  Hellion  
  49  14:12  Hellion  
  49  14:13  Thor, Hellion x2  
  49  14:15  Banshee  
  60  14:19  SCV  
  61  14:38  Supply Depot  
  61  14:42  SCV  
  24  15:30  Hellion x2  
  24  15:31  Hellion x2  
  32  15:41  SCV  
  33  15:46  Hellion  
  35  15:51  Hellion  
  35  15:53  SCV  
  38  15:58  Hellion x2  
  42  16:07  SCV x2  
  42  16:09  Hellion x2  
Show
View Real Time Build Order
Export as new Build Order

Sickle Zerg - Winner!

Build Orders: Hatch First 

Get SALT Encoding   

  12  0:00  Drone  
  13  0:08  Drone  
  14  0:36  Hatchery  
  14  0:38  Drone  
  14  0:44  Extractor  
  14  0:45  Drone  
  14  1:07  Spawning Pool  
  14  1:08  Drone  
  14  1:23  Overlord  
  14  1:44  Drone x3  
  17  1:56  Queen  
  19  2:05  Queen  
  21  2:14  Drone x2  
  23  2:24  Metabolic Boost  
  23  2:29  Drone  
  24  2:45  Drone  
  24  2:46  Drone x3  
  28  2:57  Overlord  
  28  3:10  Overlord  
  28  3:16  Zergling x4  
  28  3:17  Zergling x2  
  28  3:18  Drone  
  32  3:20  Drone  
  32  3:22  Drone  
  32  3:25  Drone  
  35  3:28  Drone  
  35  3:33  Drone x2  
  38  3:44  Baneling Nest  
  38  3:45  Spore Crawler  
  38  3:46  Drone  
  38  3:47  Drone  
  38  3:49  Drone  
  38  3:53  Drone  
  38  3:54  Drone  
  42  4:00  Overlord x2  
  43  4:08  Baneling Nest  
  42  4:13  Zergling x4  
  44  4:23  Zergling x8  
  44  4:24  Zergling x10  
  50  4:31  Zergling x4  
  50  4:36  Spore Crawler  
  50  4:38  Spore Crawler  
  50  4:48  Zergling x4  
  50  4:50  Zergling x2  
  50  4:52  Zergling x2  
  54  5:00  Baneling  
  54  5:01  Baneling x9  
  54  5:02  Zergling x4, Baneling x4  
  56  5:10  Zergling x2  
  56  5:11  Zergling x6  
  58  5:16  Hatchery  
  48  5:23  Zergling x8  
  48  5:24  Zergling x2  
  51  5:33  Zergling x2, Baneling x5  
  53  5:35  Zergling x2  
  51  5:50  Zergling x6  
  51  5:51  Zergling x8  
  55  6:03  Zergling x4  
  53  6:11  Zergling x8  
  57  6:12  Zergling x4  
  57  6:14  Baneling  
  57  6:15  Baneling x6  
  59  6:22  Spore Crawler  
  58  6:26  Zergling x2  
  58  6:27  Zergling x2  
  58  6:30  Baneling  
  58  6:32  Extractor  
  56  6:43  Zergling x4  
  49  6:51  Queen  
  47  7:00  Baneling x3  
  47  7:01  Drone x3  
  44  7:08  Spore Crawler  
  41  7:11  Zergling x4  
  43  7:17  Spore Crawler  
  43  7:20  Zergling x6  
  43  7:21  Zergling x2  
  41  7:39  Zergling x6  
  41  7:43  Zergling x4  
  45  7:50  Queen  
  47  7:55  Zergling x4  
  49  7:59  Lair  
  48  8:08  Queen  
  50  8:18  Spore Crawler  
  46  8:35  Zergling x2  
  46  8:36  Zergling x8  
  51  8:41  Zergling x4  
  47  8:51  Zergling x4  
  49  8:58  Zergling x2  
  50  9:10  Zergling x4  
  50  9:11  Zergling x4  
  55  9:17  Zergling x2  
  55  9:24  Baneling x12  
  55  9:25  Baneling x6  
  55  9:26  Zergling x4  
  55  9:28  Zergling x6  
  55  9:30  Zergling x4  
  62  9:38  Overlord x3  
  47  10:09  Zergling x2  
  47  10:10  Zergling x16  
  55  10:22  Drone x2  
  49  10:38  Zergling x4  
  49  10:39  Zergling x4  
  49  10:41  Hatchery  
  47  10:45  Drone x2  
  49  10:53  Hydralisk Den  
  49  10:56  Drone  
  48  10:57  Drone x2  
  50  11:07  Drone x3  
  50  11:10  Drone  
  51  11:25  Drone x6  
  56  11:32  Zergling x2  
  48  11:44  Hydralisk  
  48  11:45  Hydralisk x2  
  48  11:47  Queen  
  53  11:55  Roach Warren  
  52  12:03  Drone x2  
  52  12:04  Drone  
  55  12:13  Muscular Augments  
  52  12:24  Overseer  
  52  12:32  Hydralisk x6  
  52  12:34  Hydralisk  
  62  12:47  Hydralisk x3  
  62  12:50  Hydralisk x2  
  70  13:04  Drone  
  70  13:05  Drone x6  
  74  13:07  Drone  
  76  13:13  Spore Crawler  
  76  13:15  Spore Crawler  
  76  13:17  Drone x2  
  76  13:30  Roach x4  
  76  13:32  Lurker Den  
  84  13:37  Drone x2  
  84  13:39  Drone  
  87  13:52  Extractor  
  87  13:53  Extractor  
  87  13:54  Extractor  
  80  13:57  Drone x2  
  78  14:05  Drone x4  
  78  14:06  Drone x8  
  87  14:16  Drone x3  
  88  14:33  Overlord x2  
  88  14:34  Overlord x2  
  88  14:46  Hatchery  
  75  15:05  Overseer  
  71  15:07  Hydralisk x5  
  71  15:08  Hydralisk  
  71  15:10  Roach  
  71  15:11  Extractor  
  82  15:15  Drone x3  
  81  15:31  Roach x5  
  91  15:40  Roach x2  
  91  15:41  Roach  
  97  15:49  Evolution Chamber x2  
  95  16:04  Roach  
  95  16:05  Roach x9  
Tags
 
Add a new tag
Caveats
  • Supply blocks, unpowered buildings, or Contaminate may cause inaccurate times.
  • Supply counts are checked every 10 seconds.